← All builds
Front / Cortex / Economy first / OBSERVED BUILD

Brute assault

Cortex Front build order · Supreme Isthmus

Vehicle Plant into early raid support, then Brute-led T1 vehicle assault pushed to middle from around 2:20, far earlier than the role norm, aiming to fight into the enemy base rather than just hold the line.

#push #raid · 25 distinct matches · 17 players · 3% of Cortex Front games · team won 68% of 25 · Recently observed

THE CATCH, AND WHAT COMES WITH IT
  • BruteT1 vehicle assault from 2:20 · 3% of role by thenFrom the Vehicle Plant. Only 3% of Front games have it by then; others who build it get it around 8:48
  • Vehicle PlantVehicle Plant in 96%20% of all Front games by then
  • RascalRascal in 92%20% of all Front games by then
  • BruteBrute in 76%3% of all Front games by then
  • WolverineWolverine in 56%13% of all Front games by then

Started with Brute (88%), Garpike (12%).

Where those units first fight, in 25 games with kill data: in the middle 92%, on their own side 8%.

Those units destroy a typical 3,174 metal of enemy units by 15:00.

HOW TO PLAY IT

Key timing: Brute by 8:47

  1. Open triple mex into Vehicle Plant by 0:48.
  2. Send Rascal raiders out immediately to harass.
  3. Bring Wolverine arty up alongside the advancing line.
  4. Commit Brute as the main assault spearhead into middle.
  5. Reclaim the Vehicle Plant and shift into T2 constructor.

Phase by phase

TYPICAL OF ITS 25 GAMES · AGAINST STANDARD FRONT
  1. 1
  2. 2
  3. 3
  4. 4
PLAY THE OPENING

Follow the example game's first 6:00 step by step: what to build now, what comes next, and where it goes. At 1× it keeps pace with your own game.

  1. 1

    Up to the Vehicle Plant

    Economy
    • Metal Extractor2Mex
    Order
    1. Vehicle PlantVehicle Plant after 2 mexdone ~0:48, middle half 0:41–0:58

    Some games also: wind (40%)

    By 0:29 in all: 2 mex

    The example game in this phase · 3 steps
    1. Mex ×3
    2. Radar TowerRadar Tower
    3. Vehicle PlantVehicle Plantdone 0:58 · typical 0:48
  2. 2

    Vehicle Plant to T1 vehicle assault

    Economy
    • Metal Extractor1Mex
    • Wind Turbine2Wind
    Order
    1. BruteT1 vehicle assault after 4 mex, 3 wind
    Builders
    • Construction Vehicle2 Con vehicle +2 vs standard
    Army
    • Rascal2 Rascal +2 vs standard
    • Incisor1 Incisor

    The standard build makes here, this one skips: 2 con bot · 3 grunt · 3 thug

    By 2:20 in all: 4 mex · 3 wind

    The example game in this phase · 7 steps
    1. Wind
    2. IncisorIncisor
    3. Construction VehicleCon vehicle
    4. Wind
    5. Construction VehicleCon vehicle
    6. Mex
    7. GarpikeGarpikedone 1:49
  3. 3

    T1 vehicle assault to 5:00

    Economy
    • Metal Extractor2Mex
    • Wind Turbine3Wind
    Army
    • Guard1 Guard
    • Brute5 Brute +5 vs standard

    Some games also: con vehicle (40%)

    The standard build makes here, this one skips: 6 thug · 5 aggravator

    By 5:00 in all: 6 mex · 7 wind (standard 4)

    The example game in this phase · 15 steps
    1. Wind
    2. GarpikeGarpike
    3. Wind
    4. Construction VehicleCon vehicle
    5. Mex
    6. BruteBrute ×2done 2:39
    7. Mex
    8. BruteBrute
    9. Radar TowerRadar Tower
    10. BruteBrute
    11. GuardGuard
    12. BruteBrute
    13. WolverineWolverine ×2
    14. BruteBrute ×5
    15. Mex
  4. 4

    5:00 to Bot Lab

    Economy
    • Metal Extractor1Mex
    • Wind Turbine17Wind−6 vs standard
    • Energy Storage1Energy storage
    Order
    1. Bot LabBot Lab after 7 mex, 21 wind, 4 con turretdone ~10:49, middle half 6:37–12:32
    Builders
    • Construction Turret3 Con turret
    • Construction Vehicle1 Con vehicle
    Army
    • Guard1 Guard
    • Brute10 Brute +10 vs standard

    Some games also: Radar Tower (36%) · rascal (32%) · Twin Guard (32%) · eat Vehicle Plant (44%)

    The standard build makes here, this one skips: 2 Graverobber · 2 con bot · 14 grunt

    By 11:20 in all: 7 mex · 26 wind · 1 energy storage · 4 con turret

    The example game in this phase · 116 steps
    1. BruteBrute
    2. Con turret
    3. Construction VehicleCon vehicle
    4. BruteBrute ×4
    5. Wind
    6. BruteBrute ×2
    7. Wind
    8. BruteBrute
    9. Twin GuardTwin Guard
    10. Wind
    11. BruteBrute
    12. Radar TowerRadar Tower
    13. BruteBrute
    14. Wind
    15. Advanced Metal ExtractorT2 mexdone 8:43 · typical 9:48
    16. BruteBrute
    17. Wind
    18. BruteBrute ×2
    19. Energy storage
    20. BruteBrute
    21. Mex
    22. BruteBrute
    23. Advanced Metal ExtractorT2 mex
    24. BruteBrute ×2
    25. Con turret
    26. BruteBrute ×3
    27. GuardGuard
    28. BruteBrute
    29. Advanced Metal ExtractorT2 mex
    30. Wind
    31. GuardGuard
    32. Wind
    33. Mex
    34. Wind ×2
    35. Con turret
    36. Wind ×3
    37. Construction VehicleCon vehicle
    38. Wind
    39. Con turret
    40. Wind ×2
    41. BeholderBeholder ×2
    42. Wind ×2
    43. Construction VehicleCon vehicle
    44. Wind ×2
    45. Construction VehicleCon vehicle
    46. Wind ×2
    47. Construction VehicleCon vehicle
    48. BeholderBeholder
    49. Advanced Metal ExtractorT2 mex
    50. BeholderBeholder
    51. Wind ×4
    52. BeholderBeholder
    53. Wind
    54. Construction VehicleCon vehicle
    55. Wind
    56. RascalRascal
    57. BeholderBeholder
    58. Wind ×5
    59. RascalRascal
    60. Wind
    61. RascalRascal
    62. Converter
    63. RascalRascal
    64. Wind
    65. RascalRascal
    66. Con turret
    67. Converter
    68. RascalRascal
    69. Wind
    70. Advanced Metal ExtractorT2 mex
    71. RascalRascal ×2
    72. Converter
    73. Wind
    74. RascalRascal
    75. Wind
    76. RascalRascal ×2
    77. Wind ×2
    78. RascalRascal
    79. Wind
    80. RascalRascal
    81. Wind
    82. RascalRascal
    83. Wind
    84. Pit BullPit Bull
    85. Wind
    86. RascalRascal ×2
    87. Wind ×2
    88. RascalRascal
    89. Wind ×2
    90. RascalRascal ×2
    91. Wind ×3
    92. RascalRascal
    93. RattlesnakeRattlesnakedone 14:26
    94. RascalRascal
    95. Wind ×3
    96. RascalRascal
    97. Wind ×3
    98. RascalRascal ×2
    99. Wind ×3
    100. RascalRascal
    101. Wind ×5
    102. Construction VehicleCon vehicle
    103. Wind ×4
    104. Advanced Metal ExtractorT2 mex
    105. Radar TowerRadar Tower
    106. Wind ×2
    107. RascalRascal
    108. Converter
    109. RascalRascal
    110. Wind ×2
    111. Twin GuardTwin Guard
    112. RascalRascal ×2
    113. Converter
    114. Wind
    115. Converter
    116. RascalRascal

Counts are medians over the build's games: half of them build more, half fewer. The example game is gmansawesome's (33 OS, 14/10/2026); pick another.

Team trades

IN AT LEAST 30% OF ITS GAMES

You hand over

Nothing regular.

You get

  • Tidal Generator4 Tidal from Pondfirst at 0:17 · in 32% of games
  • Tidal Generator4 Tidal from Pondfirst at 0:24 · in 64% of games
  • Advanced Construction Bot1 T2 con bot from Geo or Techfirst at 7:49 · in 60% of games

How it plays out

Typical game of this build against the role’s standard build, running totals by minute

  • This build
  • Standard front

Metal produced

010k20k30k
0:005:0010:0015:00

metal

Enemy metal destroyed

05k10k15k
0:005:0010:0015:00

metal

Own metal lost

05k10k
0:005:0010:0015:00

metal

25 games.

Show as table
ByMetal produced: This buildMetal produced: Standard frontEnemy metal destroyed: This buildEnemy metal destroyed: Standard frontOwn metal lost: This buildOwn metal lost: Standard front
1:003313310000
2:00859856420260
3:00160116281081027886
4:0027752710313390282344
5:0039843850767920623840
6:0052725108126815879081557
7:00646363891843236520172476
8:00802077322576312427783394
9:00945091533202383234854309
10:0011115108003570453740795079
11:0013010126585003520352075989
12:0015540145415870568160756934
13:0017931168156757620164957643
14:0020522190087227664974778561
15:00232242063710526724685429322
WHAT THE NUMBERS SAY

Won slightly less than the standard Front build but destroyed far more enemy metal while losing much less.

  • + Destroys 3223 metal by 15:00, far above standard's losses ratio
  • + Own losses much lower, 9023 vs 9422 by 15:00
  • − Enemy metal destroyed by 5:00 trails standard, 701 vs 922
  • − Win rate dips to 44% vs standard's 45% is close but not better
THE EXAMPLE YOU ARE READING

gmansawesome

33.0 OS · 14/10/2026

Open source match ↗

9 received units · includes a constructor
787 metal received · 26987 energy received

Allied construction assistance is unknown. Timings are observations, not a promise of solo reproducibility.

Typical milestones

Vehicle Plant0:48Middle 50%: 0:41–0:58 · n=25
Advanced Metal Extractor9:48Middle 50%: 8:49–9:56 · n=19
Bot Lab10:49Middle 50%: 6:37–12:32 · n=14

Played most by

EpicTyrannus4games of this buildCommandoMan3games of this build[Crd]Claps2games of this buildChancho2games of this buildHummell2games of this build